 Dungeon Crawl Stone Soup version 0.29-a0-925-g0a7a3d12f8 (webtiles) character file.

Game seed: 10875186922411076332

5312 concernfroge the Fighter (level 10, -5/85 HPs)
             Began as a Mummy Monk on July 29, 2022.
             Was an Elder of Cheibriados.
             Killed from afar by Lodul (24 damage)
             ... with a bolt of lightning
             ... on level 10 of the Dungeon on July 30, 2022.
             The game lasted 00:32:55 (10582 turns).

concernfroge the Fighter (Mummy Monk)              Turns: 10582, Time: 00:32:56

Health: -5/85      AC: 29    Str: 29    XL:     10   Next: 37%
Magic:  13/13      EV:  8    Int: 20    God:    Cheibriados [****..]
Gold:   365        SH:  0    Dex: 24    Spells: 9/9 levels left

rFire   x . .      SeeInvis .   r - +3 halberd (venom)
rCold   + . .      Faith    .   (shield currently unavailable)
rNeg    + + +      Spirit   .   e - +3 plate armour
rPois   ∞          Reflect  .   b - +2 hat
rElec   .          Harm     .   f - +2 cloak
rCorr   .          Rampage  .   m - +1 pair of gloves
Will    +....                   t - +0 pair of boots
Stlth   ..........              v - amulet of magic regeneration
HPRegen 0.24/turn               l - +4 ring of protection
MPRegen 0.53/turn               x - +4 ring of protection

@: very slow
A: cold resistance 1, negative energy resistance 3, torment resistance 2, heat
vulnerability 1, in touch with death 1, no potions
a: Renounce Religion, Bend Time, Temporal Distortion, Slouch


You were on level 10 of the Dungeon.
You worshipped Cheibriados.
Cheibriados was greatly pleased with you.
You visited 2 branches of the dungeon, and saw 11 of its levels.

You collected 398 gold pieces.
You spent 33 gold pieces at shops.

Inventory:

Hand Weapons
 a - a +0 trident
 j - a +5 halberd
 q - the +3 rapier of Watchfulness {vorpal, rCorr Str+4 Int+4}
   (You found it on level 5 of the Dungeon)

   It inflicts extra damage upon your enemies.
   Str:       It affects your strength (+4).
   Int:       It affects your intelligence (+4).
   rCorr:     It protects you from acid and corrosion.
 r - a +3 halberd of venom (weapon)
Missiles
 d - 7 poisoned darts (quivered)
Armour
 b - a +2 hat (worn)
 e - a +3 plate armour (worn)
 f - a +2 cloak (worn)
 m - a +1 pair of gloves (worn)
 t - a +0 pair of boots (worn)
Jewellery
 l - a +4 ring of protection (left hand)
 p - a ring of resist corrosion
 v - an amulet of magic regeneration (around neck)
 x - a +4 ring of protection (right hand)
Wands
 k - a wand of flame (10)
 o - a wand of roots (1)
Scrolls
 g - 3 scrolls of vulnerability
 i - 3 scrolls of noise
 n - 2 scrolls of magic mapping
 s - a scroll of torment {unknown}
 w - a scroll of butterflies


   Skills:
 - Level 10.0 Fighting
 + Level 9.6 Polearms
 - Level 2.4 Dodging
 - Level 1.5 Stealth
 + Level 4.9 Invocations


You had 9 spell levels left.
You didn't know any spells.
Your spell library contained the following spells:

 Spells                   Type           Power      Damage    Failure   Level
 Sandblast                Erth           0%         2d4       95%         1
 Passwall                 Tmut/Erth      0%         N/A       98%         2
 Frozen Ramparts          Ice            0%         1d2       100%        3
 Stone Arrow              Conj/Erth      0%         3d7       100%        3
 Summon Guardian Golem    Hex/Summ       0%         N/A       100%        3
 Summon Ice Beast         Ice/Summ       0%         N/A       100%        4
 Orb of Destruction       Conj           0%         9d5       100%        7
 Spellforged Servitor     Conj/Summ      0%         N/A       100%        7
 Ice Form                 Ice/Tmut       Unusable   N/A       N/A         4

Dungeon Overview and Level Annotations

Branches:
Dungeon (11/15)            Temple (1/1) D:7
   Lair: D:8-11         Orc: D:9-12

Altars:
Ashenzari
Cheibriados
Dithmenos
Fedhas
Gozag
Hepliaklqana
Kikubaaqudgha
Makhleb
Nemelex Xobeh
Okawaru
Qazlal
Ru
Sif Muna
Uskayaw
Vehumet
Wu Jian
Xom

Shops:
D:4 ?

Annotations:
D:7 3 runed translucent doors, bchevrier's ghost, novice GnWn
D:8 3 runed translucent doors
D:10 Lodul


Innate Abilities, Weirdness & Mutations

You are immune to poison.
Your flesh is cold resistant. (rC+)
You are immune to negative energy. (rN+++)
You are immune to unholy pain and torment.
You are vulnerable to heat. (rF-)
You are in touch with the powers of death.
You do not drink.


Message History

Something hits you but does no damage. x3
Something hits you but does no damage. x3
Cheibriados thoroughly appreciates the change of pace.
You feel a bit more experienced.
Things that are here:
a +0 scimitar; a +0 chain mail; the human corpse of Harold You see here a throwing net.
Found a dagger.
The sentinel's mark upon you fades away.
Found an escape hatch in the ceiling.
You open the door.
Lodul and 5 ogres come into view.
Lodul is wielding a +0 dire flail and carrying a wand of mindburst (7).
Lodul shouts!
The ogre shouts! x2; You hear a shout!
An ogre comes into view. It is wielding a +0 giant club.
Found a short gold wand and 3 poisoned darts.
Okay, then.
Lodul hits you with a +0 dire flail!! Lodul attacks as you move away!
Lodul hits you with a +0 dire flail!
As you read the scroll of butterflies, it crumbles to dust.
You hear the tinkle of a tiny bell.
The ogre hits your butterfly with a +0 giant club!
Your butterfly dies!
Your butterfly disappears in a burst of colours!
Lodul hits you with a +0 dire flail!
Blink to where?
Press: ? - help, Dir - move target
As you read the scroll of blinking, it crumbles to dust.
Really read the scroll of immolation?
As you read the scroll of immolation, it crumbles to dust.
The creatures around you are filled with an inner flame!
Something misses your butterfly.
Electricity crackles from Lodul's apparatus.
The bolt of lightning hits you!!
* * * LOW HITPOINT WARNING * * *
Okay, then.
Okay, then.
Electricity crackles from Lodul's apparatus.
The bolt of lightning hits you!!
You die...

#.O/.# .OO. ###O# ##bOO#
#..###
###.################+###
#..bOO......##.).....#.#
#....)......##(#.#####.#
#....bbbbb.@...#...#...# #.
#....bb......#.###.#.###....
#<.......b...#...#.......#
........b.b...#######'#####
###...........## #.#
############# ##.# #..# #
#.## # #.# #


You could see Lodul (inner flame, ally target) and an ogre.

Vanquished Creatures
  Harold (D:10)
  A boulder beetle (D:11)
  Maurice (D:8)
  An unseen horror (D:10)
  A hornet (D:8)
  A water moccasin (D:6)
  2 orc warriors
  3 ice beasts (D:7)
  2 black bears
  An ogre (D:6)
  A centaur (D:7)
  3 gnoll sergeants
  2 bullfrogs
  2 scorpions
  13 wights
  6 hounds
  4 jellies
  6 orc priests
  4 iguanas
  Ijyb (D:3)
  10 orc wizards
  11 adders
  17 gnolls
  A shadow imp (D:7)
  An ufetubus (D:6)
  4 worms
  2 dart slugs
  26 orcs
  2 endoplasms
  2 giant cockroaches
  8 hobgoblins
  9 kobolds
  4 quokkas
  10 ball pythons
  2 bats (D:1)
  3 frilled lizards
  12 goblins
  12 rats
192 creatures vanquished.

Vanquished Creatures (collateral kills)
  An orc (D:3)
  A hobgoblin (D:3)
2 creatures vanquished.

Grand Total: 194 creatures vanquished

Notes
Turn   | Place    | Note
-------+----------+-------------------------------------------
     0 | D:1      | concernfroge the Mummy Monk began the quest for the Orb.
     0 | D:1      | Reached XP level 1. HP: 18/18 MP: 1/1
     4 | D:1      | Noticed a black mamba
   368 | D:1      | Reached XP level 2. HP: 24/24 MP: 2/2
   819 | D:1      | Noticed a seven-headed hydra
  1296 | D:1      | Found a faded altar of an unknown god.
  1362 | D:2      | Reached skill level 4 in Fighting
  1390 | D:2      | Gained mutation: You are in touch with the powers of death.
                  | [Mummy growth]
  1390 | D:2      | Reached XP level 3. HP: 26/30 MP: 3/3
  1650 | D:2      | Reached skill level 5 in Fighting
  1650 | D:2      | Reached XP level 4. HP: 26/39 MP: 4/4
  2809 | D:3      | Reached XP level 5. HP: 37/46 MP: 5/5
  2857 | D:3      | Noticed Ijyb
  2899 | D:3      | Killed Ijyb
  2900 | D:3      | Reached skill level 6 in Fighting
  4040 | D:4      | Reached XP level 6. HP: 37/53 MP: 6/6
  4236 | D:4      | Reached skill level 7 in Fighting
  4733 | D:4      | Found Biukkex's Magic Scroll Boutique.
  4741 | D:4      | Bought a scroll of teleportation for 33 gold pieces
  4871 | D:5      | Entered Level 5 of the Dungeon
  4985 | D:5      | Found an ornate altar of the Wu Jian Council.
  5076 | D:5      | Reached skill level 8 in Fighting
  5096 | D:5      | Reached XP level 7. HP: 62/62 MP: 7/7
  5494 | D:5      | Identified the +3 rapier of Watchfulness {vorpal, rCorr
                  | Str+4 Int+4}
  5509 | D:5      | Found a snail-covered altar of Cheibriados.
  5517 | D:5      | Became a worshipper of Cheibriados the Contemplative
  5517 | D:5      | Reached * piety under Cheibriados
  5517 | D:5      | Reached ** piety under Cheibriados
  5559 | D:4      | Reached skill level 9 in Fighting
  6649 | D:6      | Reached skill level 10 in Fighting
  6649 | D:6      | Reached XP level 8. HP: 67/72 MP: 8/8
  7262 | D:6      | Found a hide-covered altar of Uskayaw.
  7274 | D:6      | Found a shimmering blue altar of Sif Muna.
  7369 | D:6      | Found a broken altar of Ashenzari.
  7601 | D:7      | Reached skill level 1 in Invocations
  7656 | D:7      | Reached *** piety under Cheibriados
  7731 | D:7      | Reached skill level 5 in Polearms
  8030 | D:7      | Found a staircase to the Ecumenical Temple.
  8039 | D:7      | Reached XP level 9. HP: 72/78 MP: 11/11
  8054 | Temple   | Entered the Ecumenical Temple
  9131 | D:7      | Found a runed translucent gate.
  9132 | D:7      | Found a runed translucent gate.
  9133 | D:7      | Found a runed translucent gate.
  9136 | D:7      | Noticed bchevrier's ghost (novice GnWn)
  9150 | D:7      | Identified the +1 leather armour of Lueryrph {Rampage rF-
                  | rC+}
  9560 | D:8      | Found an opulent altar of Gozag.
  9563 | D:8      | Noticed Maurice
  9606 | D:8      | Killed Maurice
  9741 | D:8      | Reached **** piety under Cheibriados
 10155 | D:8      | Found a runed translucent gate.
 10180 | D:8      | Found a runed translucent gate.
 10181 | D:8      | Found a runed translucent gate.
 10201 | D:8      | You fall into a shaft and drop 3 floors!
 10227 | D:11     | Noticed a boulder beetle
 10244 | D:11     | Killed a boulder beetle
 10245 | D:11     | Reached XP level 10. HP: 36/85 MP: 13/13
 10269 | D:10     | Entered Level 10 of the Dungeon
 10486 | D:10     | Noticed Harold
 10499 | D:10     | Killed Harold
 10574 | D:10     | Noticed Lodul
 10582 | D:10     | Killed from afar by Lodul

Illustrated notes

Levels and vault maps discovered:
D:1:      sevenhm_arrival_forest_fort_small_2, layout_basic,
          dilly_ecumenical_altar_fadedgnrine
D:2:      layout_loops_corners, hex_tiny, nicolae_wormholes
D:3:      layout_basic, uniq_ijyb
D:4:      layout_basic, serial_shops, shop_scrolls,
          chequers_serial_rivers_micro_d, st_stairs_3,
          kennysheep_generic_room_13
D:5:      layout_gridville, cheibriados_altar_1, nicolae_wu_jian_wuxing_cycle
D:6:      layout_loops_ring, kennysheep_mini_moat,
          mainiacjoe_overflow_catwalk_spiral, fountainhead
D:7:      layout_cave_pools, minmay_temple_entry_junction,
          biasface_ghost_orc_armoury, kennysheep_decorative_pillar,
          grunt_decor_one_mirror, kennysheep_generic_room_16
D:8:      layout_cave_pods, grunt_gozag_statues, enter_bailey_5,
          gammafunk_ghost_icy, minmay_circle_x, uniq_maurice
D:10:     layout_roguey, serial_shops, nicolae_shop_crystal,
          nicolae_zen_rock_garden, uniq_harold, uniq_erica, uniq_lodul
D:11:     layout_long_grid, serial_demonic, serial_demonic_e, serial_demonic_e,
          serial_demonic_c, serial_demonic_g, serial_demonic_c
Temple:   nicolae_temple_god_jail

Skill      XL: |  1  2  3  4  5  6  7  8  9 |
---------------+----------------------------+-----
Fighting       | 4 5 6 8 10 | 10.0
Polearms       | 5 9 |  9.6
Invocations    | 3 4 |  4.9
Dodging        | |  2.4
Stealth        | |  1.5

Action                   |  1- 3 |  4- 6 |  7- 9 | 10-12 || total
-------------------------+-------+-------+-------+-------++-------
Melee: Spear             |   113 |   420 |    99 |       ||   632
       Punch             |     2 |     3 |     7 |       ||    12
       Rapier            |       |       |   260 |       ||   260
       Halberd           |       |       |   102 |    13 ||   115
Throw: Dart              |       |     6 |     4 |       ||    10
Invok: Bend Time         |       |       |     1 |       ||     1
Evoke: Wand              |       |       |     3 |       ||     3
  Use: Scroll            |       |    13 |    15 |     3 ||    31
 Stab: Sleeping          |     2 |       |       |       ||     2
Armor: Robe              |     5 |       |       |       ||     5
       Plate armour      |    35 |   298 |   405 |    20 ||   758
Dodge: Dodged            |    21 |    85 |   212 |     2 ||   320

Table legend: (Time is in decaauts)
 A = Elapsed time spent in this place.
 B = Non-inter-level travel time spent in this place.
 C = Inter-level travel time spent in this place.
 D = Time resting spent in this place.
 E = Time spent auto-exploring this place.
 F = Levels seen in this place.
 G = Mean time per level.
                   A        B        C        D        E       F      G
               +--------+--------+--------+--------+--------+-----+--------+
         Total |  11914 |  11316 |    598 |   1190 |   8065 |  11 | 1083.1 |
       Dungeon |  11028 |  10452 |    576 |    437 |   8016 |  10 | 1102.8 |
        Temple |    886 |    864 |     22 |    753 |     49 |   1 |  886.0 |
               +--------+--------+--------+--------+--------+-----+--------+

Top non-repeatable levels by time:
     D:5: 1512 daAuts
     D:4: 1392 daAuts
     D:6: 1384 daAuts
     D:7: 1378 daAuts
     D:1: 1346 daAuts
     D:2: 1325 daAuts
     D:3: 1141 daAuts
     D:8: 1063 daAuts
  Temple: 886 daAuts
    D:10: 378 daAuts
    D:11: 104 daAuts
